Map: Moonlight Madness LE (Void)

Players

iQuitBYE - Winner!

  • Race: Protoss Protoss
  • League: Grandmaster

MoonLjth - Winner!

  • Race: Protoss Protoss
  • League: Platinum

Dream

  • Race: Zerg Zerg
  • League: Grandmaster

Jpus

  • Race: Zerg Zerg
  • League: Gold

VOD

Have the link to the VOD?

Description

Time

  • Played on: Oct. 2, 2015, 1:03 p.m.
  • Length: 7:47
Show
View Real Time Build Order
Export as new Build Order

iQuitBYE Protoss - Winner!

Build Orders:  

Get SALT Encoding   

  12  0:00  Probe (Chrono Boost)  
  13  0:15  Pylon  
  13  0:17  Probe (Chrono Boost)  
  14  0:27  Probe (Chrono Boost)  
  15  0:37  Gateway  
  15  0:38  Probe (Chrono Boost)  
  16  0:44  Assimilator  
  16  0:48  Probe (Chrono Boost)  
  17  0:53  Assimilator  
  17  0:58  Probe (Chrono Boost)  
  18  1:08  Probe (Chrono Boost)  
  19  1:18  Probe (Chrono Boost)  
  20  1:28  Cybernetics Core  
  20  1:29  Probe (Chrono Boost)  
  21  1:39  Probe (Chrono Boost), Pylon  
  22  1:54  Probe (Chrono Boost)  
  23  2:02  Adept  
  23  2:04  Nexus  
  25  2:10  Warp Gate  
  25  2:25  Robotics Facility  
  25  2:30  Probe (Chrono Boost)  
  26  2:39  Mothership Core (Chrono Boost)  
  28  2:45  Pylon  
  28  2:56  Sentry  
  28  2:57  Probe (Chrono Boost)  
  31  3:07  Probe (Chrono Boost)  
  32  3:14  Immortal  
  32  3:17  Probe x2 (Chrono Boost)  
  38  3:27  Probe x2 (Chrono Boost)  
  38  3:32  Gateway  
  40  3:37  Probe x2 (Chrono Boost)  
  42  3:47  Probe (Chrono Boost)  
  44  3:49  Probe (Chrono Boost)  
  44  3:56  Probe (Chrono Boost)  
  44  3:59  Immortal  
  44  4:01  Probe (Chrono Boost)  
  46  4:06  Probe (Chrono Boost)  
  51  4:11  Pylon  
  51  4:13  Probe (Chrono Boost)  
  51  4:15  Assimilator  
  51  4:16  Probe (Chrono Boost)  
  53  4:18  Pylon  
  54  4:25  Probe (Chrono Boost)  
  54  4:28  Probe (Chrono Boost)  
  54  4:29  Gateway  
  55  4:31  Gateway, Warp Prism  
  55  4:37  Probe (Chrono Boost)  
  58  4:38  Probe (Chrono Boost)  
  58  4:42  Pylon  
  59  4:48  Sentry x2  
  59  4:51  Gateway  
  63  4:55  Gateway  
  63  4:57  Pylon  
  64  5:00  Probe x2 (Chrono Boost)  
  65  5:11  Assimilator  
  65  5:13  Pylon  
  65  5:20  Observer  
  65  5:21  Adept x2  
  70  5:30  Pylon  
  70  5:32  Probe (Chrono Boost)  
  70  5:33  Adept x2  
  75  5:42  Stalker x2  
  79  5:48  Probe (Chrono Boost)  
  80  5:54  Sentry x2  
  84  5:58  Stalker x2  
  84  6:00  Probe (Chrono Boost)  
  84  6:01  Immortal  
  93  6:13  Stalker x2  
  93  6:14  Probe x2 (Chrono Boost)  
  99  6:23  Stalker  
  99  6:24  Probe (Chrono Boost)  
  102  6:45  Pylon  
  102  6:47  Pylon  
  102  6:49  Pylon  
  102  6:53  Robotics Bay  
  102  7:03  Probe x2 (Chrono Boost), Nexus, Immortal  
  102  7:04  Pylon  
  102  7:08  Adept x2  
  112  7:11  Adept  
  112  7:12  Probe x2 (Chrono Boost)  
  116  7:17  Adept x2  
  112  7:31  Adept x2  
  112  7:32  Adept x2  
  112  7:34  Probe (Chrono Boost)  
  112  7:35  Probe (Chrono Boost)  
Show
View Real Time Build Order
Export as new Build Order

MoonLjth Protoss - Winner!

Build Orders:  

Get SALT Encoding   

  12  0:01  Drone  
  13  0:14  Overlord  
  13  0:18  Drone  
  14  0:33  Drone  
  14  0:34  Drone  
  16  0:54  Hatchery  
  15  0:58  Drone  
  15  1:00  Drone  
  17  1:05  Drone  
  18  1:11  Overlord  
  18  1:19  Extractor  
  18  1:27  Spawning Pool  
  18  1:31  Extractor  
  16  1:36  Drone  
  16  1:37  Drone  
  18  1:43  Drone  
  19  2:00  Drone  
  20  2:06  Drone  
  21  2:10  Drone  
  21  2:14  Queen  
  21  2:15  Queen  
  26  2:16  Zergling x2  
  26  2:19  Drone  
  28  2:24  Drone  
  29  2:39  Zergling x2  
  30  2:48  Drone x2  
  32  2:53  Hatchery  
  31  2:59  Roach Warren  
  29  3:16  Drone x3  
  29  3:17  Overlord  
  29  3:18  Overlord  
  32  3:26  Drone x4  
  36  3:41  Drone  
  36  3:42  Drone  
  36  3:43  Drone x4  
  42  3:49  Roach  
  42  3:58  Spine Crawler  
  43  4:06  Lair, Overlord x2  
  43  4:19  Drone x3  
  43  4:22  Extractor  
  45  4:25  Hatchery  
  45  4:28  Drone x2  
  45  4:29  Drone x2  
  45  4:30  Drone x2  
  50  4:33  Extractor  
  49  4:38  Drone x2  
  49  4:39  Drone x3  
  49  4:43  Overlord  
  54  4:46  Extractor  
  54  4:47  Overlord  
  54  4:48  Drone x3  
  56  4:56  Burrow  
  56  5:05  Queen  
  58  5:12  Drone x6  
  58  5:13  Drone, Overlord  
  58  5:14  Overlord, Drone  
  65  5:17  Glial Reconstitution  
  65  5:20  Hydralisk Den  
  65  5:22  Evolution Chamber  
  65  5:25  Evolution Chamber  
  63  5:28  Drone x2  
  63  5:29  Drone  
  63  5:32  Drone  
  67  5:41  Drone  
  67  5:42  Drone x3  
  71  5:50  Drone x2  
  71  5:55  Drone x4  
  71  5:56  Overlord  
  71  5:57  Drone  
  78  6:02  Drone x2  
  80  6:06  Roach, Extractor  
  80  6:09  Hydralisk, Extractor  
  82  6:16  Spine Crawler  
  81  6:21  Hydralisk x2  
  81  6:22  Hydralisk x4  
  93  6:27  Hydralisk  
  95  6:34  Hydralisk x2  
  95  6:35  Hydralisk x2  
  95  6:36  Hydralisk x2  
  83  6:55  Spine Crawler  
  83  6:56  Hydralisk x3  
  88  7:01  Spine Crawler  
  88  7:02  Hydralisk  
  88  7:07  Hydralisk x2  
  93  7:10  Hydralisk  
  93  7:14  Hydralisk  
  97  7:18  Hydralisk  
Show
View Real Time Build Order
Export as new Build Order

Dream Zerg 

Build Orders:  

Get SALT Encoding   

Show
View Real Time Build Order
Export as new Build Order

Jpus Zerg 

Build Orders:  

Get SALT Encoding   

Tags
 
Add a new tag
Caveats
  • Supply blocks, unpowered buildings, or Contaminate may cause inaccurate times.
  • Supply counts are checked every 10 seconds.